Map: Cerulean Fall LE

Players

Rail

  • Race: Protoss Protoss
  • League: Grandmaster
  • Spawn Location: 7:00

Lambo - Winner!

  • Race: Zerg Zerg
  • League: Grandmaster
  • Spawn Location: 1:00

VOD

Have the link to the VOD?

Description

Time

  • Played on: Dec. 1, 2018, 7:27 a.m.
  • Length: 14:29
Show
View Real Time Build Order
Export as new Build Order

Rail Protoss 

Build Orders: 1 Gate Expand, Oracle Opening, Phoenix Opening, Archon Immortal 

Get SALT Encoding   

  12  0:02  Probe  
  13  0:14  Probe  
  13  0:19  Pylon  
  14  0:26  Probe  
  15  0:34  Probe  
  15  0:39  Gateway  
  15  0:42  Probe  
  16  0:48  Assimilator  
  17  0:53  Probe  
  18  1:05  Probe  
  19  1:23  Nexus  
  19  1:31  Cybernetics Core  
  19  1:34  Probe  
  20  1:40  Assimilator  
  20  1:46  Probe  
  21  1:51  Pylon  
  21  1:54  Probe  
  21  2:00  Adept  
  22  2:02  Probe  
  23  2:13  Probe  
  26  2:20  Stargate  
  26  2:25  Probe  
  26  2:28  Adept  
  29  2:32  Probe  
  29  2:34  Warp Gate  
  30  2:37  Probe  
  30  2:40  Probe  
  32  2:50  Probe x2  
  33  2:54  Oracle  
  34  3:02  Probe x2  
  39  3:13  Pylon  
  39  3:14  Probe x2  
  39  3:17  Adept  
  43  3:26  Probe x2  
  45  3:31  Phoenix  
  45  3:33  Shield Battery  
  47  3:37  Probe  
  47  3:38  Probe, Gateway  
  49  3:46  Assimilator  
  49  3:47  Probe  
  49  3:50  Probe  
  51  3:56  Probe  
  52  4:04  Probe  
  52  4:06  Pylon  
  52  4:09  Nexus  
  53  4:11  Assimilator, Probe  
  54  4:24  Probe x2  
  54  4:25  Shield Battery  
  54  4:26  Robotics Facility  
  56  4:36  Robotics Facility  
  56  4:37  Pylon  
  56  4:38  Probe  
  57  4:39  Probe  
  57  4:43  Sentry x2  
  62  4:49  Pylon  
  62  4:53  Twilight Council  
  62  4:55  Probe x2  
  64  5:07  Probe  
  64  5:08  Probe  
  64  5:13  Immortal  
  70  5:18  Probe x2  
  70  5:19  Probe  
  72  5:26  Probe x2  
  72  5:27  Probe, Immortal  
  77  5:29  Charge  
  77  5:34  Probe  
  77  5:35  Probe  
  80  5:37  Gateway  
  80  5:39  Pylon  
  80  5:41  Probe  
  80  5:42  Gateway  
  83  5:46  Probe, Gateway  
  83  5:49  Probe  
  85  5:51  Gateway  
  85  5:53  Probe  
  86  5:58  Probe, Assimilator  
  86  5:59  Assimilator  
  86  6:01  Probe  
  86  6:04  Templar Archives  
  88  6:05  Observer  
  88  6:06  Probe  
  88  6:10  Pylon  
  90  6:11  Probe  
  90  6:15  Immortal  
  95  6:19  Psionic Storm  
  95  6:21  Probe, Forge  
  95  6:25  Pylon, Warp Prism  
  96  6:27  Pylon  
  98  6:33  Probe, Pylon  
  98  6:36  Protoss Ground Weapons Level 1  
  99  6:40  Gateway  
  99  6:41  High Templar, Gateway  
  99  6:42  High Templar  
  99  6:45  High Templar  
  105  6:48  Pylon  
  105  6:50  High Templar  
  107  6:57  Pylon  
  107  6:58  Immortal  
  111  7:07  Photon Cannon  
  111  7:09  Immortal  
  115  7:17  Blink  
  115  7:26  Pylon  
  115  7:29  Pylon  
  115  7:34  High Templar x2  
  115  7:35  Zealot x2  
  115  7:36  Nexus  
  123  7:37  Immortal  
  123  7:43  Pylon  
  127  7:48  Immortal  
  131  7:52  Shield Battery  
  131  7:53  Protoss Ground Weapons Level 2  
  131  7:59  Pylon  
  131  8:02  Assimilator  
  131  8:06  Assimilator, Zealot  
  131  8:10  Gateway  
  133  8:12  Gateway  
  133  8:14  Photon Cannon  
  133  8:16  Immortal  
  137  8:22  Photon Cannon  
  137  8:26  Pylon  
  137  8:28  High Templar  
  137  8:32  High Templar x2, Zealot x5  
  153  8:37  Archon  
  157  8:48  Immortal  
  157  8:52  Zealot x2  
  157  8:53  Zealot  
  157  8:54  Zealot x2  
  165  9:08  High Templar, Zealot x4  
  165  9:09  Immortal  
  153  9:15  Stalker x3  
  153  9:16  Stalker  
  161  9:33  Archon  
  161  9:34  Archon  
  161  9:37  Warp Prism  
  141  9:39  Stalker, Zealot x2  
  141  9:40  High Templar, Zealot x5  
  141  9:41  Zealot  
  149  9:50  Immortal  
  149  10:01  High Templar x3  
  149  10:02  High Templar, Zealot x3  
  149  10:03  Zealot x2  
  167  10:08  Archon, Protoss Ground Weapons Level 3  
  167  10:13  Immortal  
  167  10:14  Stalker  
  173  10:18  Stalker x2  
  177  10:26  Archon  
  177  10:28  Zealot x2  
  142  10:30  High Templar, Zealot  
  134  10:36  Zealot x3  
  134  10:37  Immortal  
  122  10:45  High Templar x2, Zealot  
  126  10:56  High Templar, Zealot x2  
  126  10:57  Zealot x2  
  136  11:04  Immortal  
  136  11:07  Zealot x2  
  136  11:18  Zealot x5  
  146  11:21  High Templar x2  
  150  11:27  Zealot  
  150  11:29  Zealot x2  
  156  11:36  Immortal  
  150  11:41  High Templar x2, Zealot x2  
  150  11:46  Warp Prism  
  158  11:55  High Templar  
  158  11:56  High Templar, Zealot x3  
  167  12:04  High Templar x2, Zealot  
  167  12:08  Archon  
  177  12:15  Immortal  
  177  12:20  Archon  
  177  12:22  Stalker x2, Sentry  
  183  12:25  Immortal  
  183  12:28  Zealot  
  183  12:29  Zealot x2  
  183  12:39  Shield Battery  
  183  12:41  Photon Cannon  
  183  12:47  High Templar x2  
  183  12:48  Zealot  
  179  12:53  Archon, Stalker x3  
  179  12:55  Observer, Stalker  
  179  12:56  Zealot  
  188  13:10  High Templar x2, Zealot  
  180  13:17  Archon  
  156  13:35  Stalker x3  
  156  13:36  Stalker x4  
  156  13:38  Stalker  
  150  13:49  Stalker x2  
  146  14:00  Archon x2  
  146  14:01  Archon  
  146  14:02  Archon, Stalker x2  
  146  14:03  Stalker x6  
  120  14:23  Stalker x2  
Show
View Real Time Build Order
Export as new Build Order

Lambo Zerg - Winner!

Build Orders: Hatch First, Brood Lord Corruptor 

Get SALT Encoding   

  12  0:00  Drone  
  13  0:13  Overlord  
  13  0:18  Drone  
  14  0:32  Drone x2  
  16  0:50  Hatchery  
  16  0:53  Drone  
  16  0:56  Drone  
  17  0:59  Drone  
  18  1:10  Extractor  
  17  1:14  Spawning Pool  
  17  1:17  Drone  
  17  1:21  Drone  
  18  1:29  Drone  
  19  1:41  Drone  
  20  1:54  Drone  
  21  2:01  Queen x2  
  21  2:02  Zergling x2  
  21  2:03  Overlord  
  26  2:10  Metabolic Boost  
  26  2:12  Drone  
  26  2:13  Drone  
  28  2:24  Drone x2  
  30  2:36  Hatchery  
  29  2:38  Drone  
  29  2:40  Zergling x2  
  31  2:44  Drone  
  31  2:47  Overlord  
  32  2:53  Queen  
  32  2:57  Drone  
  35  3:02  Drone  
  36  3:06  Drone x2  
  36  3:10  Drone x3  
  36  3:11  Drone  
  42  3:15  Overlord  
  42  3:20  Drone  
  42  3:22  Drone  
  42  3:26  Spore Crawler  
  43  3:28  Drone  
  43  3:32  Queen  
  46  3:35  Drone x2  
  46  3:40  Spore Crawler  
  47  3:42  Drone x2  
  47  3:44  Drone  
  47  3:46  Overlord  
  50  3:49  Drone x2  
  50  3:54  Queen  
  54  3:59  Drone x2  
  54  4:00  Drone  
  56  4:03  Overlord  
  56  4:10  Overlord  
  56  4:12  Zergling x6  
  56  4:16  Drone x3  
  62  4:20  Lair  
  62  4:23  Extractor  
  61  4:24  Extractor  
  61  4:25  Drone x2  
  61  4:28  Overlord  
  61  4:29  Evolution Chamber  
  61  4:30  Drone  
  62  4:33  Drone  
  62  4:36  Overlord  
  63  4:40  Overlord  
  63  4:41  Baneling Nest, Drone x2  
  63  4:46  Drone x3  
  63  4:47  Drone  
  68  4:52  Drone  
  68  4:53  Drone x4  
  68  4:56  Overlord  
  68  4:57  Drone  
  73  5:04  Zerg Missile Weapons Level 1, Drone x2  
  75  5:08  Drone x2  
  75  5:10  Drone  
  78  5:15  Drone x3  
  78  5:17  Extractor x2  
  78  5:18  Extractor, Drone x5  
  83  5:26  Hydralisk Den  
  83  5:28  Hatchery  
  81  5:29  Pneumatized Carapace  
  81  5:30  Drone  
  81  5:31  Drone  
  81  5:33  Drone  
  84  5:46  Centrifical Hooks  
  84  5:54  Drone x9  
  84  5:55  Overlord  
  84  5:56  Infestation Pit  
  92  6:00  Overlord  
  92  6:01  Overlord  
  92  6:05  Hydralisk x5  
  92  6:10  Overseer  
  102  6:15  Hydralisk x3  
  108  6:20  Grooved Spines  
  108  6:24  Overlord  
  108  6:25  Drone x6  
  113  6:26  Drone x2  
  113  6:29  Extractor, Hydralisk  
  113  6:30  Hydralisk  
  119  6:43  Queen  
  119  6:45  Extractor  
  119  6:46  Drone  
  119  6:47  Drone x3  
  123  6:49  Hydralisk x5  
  123  6:50  Overlord  
  123  6:52  Overlord  
  134  6:54  Hydralisk  
  134  6:55  Zergling x2  
  134  6:58  Hydralisk x2  
  141  7:02  Hive  
  141  7:11  Zergling x14  
  148  7:19  Spire  
  148  7:20  Drone  
  148  7:22  Hatchery  
  148  7:24  Hydralisk x2  
  148  7:25  Zergling x10  
  156  7:35  Overlord  
  156  7:36  Overlord  
  156  7:37  Overlord  
  156  7:38  Overlord x2  
  156  7:40  Overlord  
  156  7:43  Zerg Missile Weapons Level 2, Overlord  
  156  7:48  Evolution Chamber  
  155  7:52  Overlord  
  155  8:04  Zergling x22  
  166  8:11  Muscular Augments  
  165  8:13  Zergling x24  
  165  8:15  Overseer  
  165  8:19  Zerg Melee Weapons Level 1  
  177  8:20  Adrenal Glands  
  177  8:26  Drone x2  
  179  8:28  Zergling x8  
  183  8:36  Greater Spire  
  183  8:40  Pathogen Glands  
  183  8:41  Queen  
  183  8:44  Baneling x26  
  183  8:45  Zergling x28  
  199  8:49  Zergling x2  
  199  8:51  Overlord  
  199  8:52  Overlord  
  199  8:53  Overlord  
  199  8:55  Overlord  
  198  8:58  Overlord  
  198  9:00  Overlord  
  192  9:06  Zergling x10  
  179  9:13  Baneling x26  
  179  9:15  Zergling x4  
  181  9:17  Baneling x5  
  181  9:18  Baneling  
  181  9:19  Baneling  
  181  9:22  Zergling x6  
  183  9:28  Zergling x14  
  187  9:35  Zergling x18  
  165  9:39  Zergling x10  
  163  9:47  Zergling x12  
  163  9:52  Hydralisk, Baneling x16  
  164  9:53  Zergling x2  
  164  9:56  Zergling x2  
  164  9:58  Baneling x10  
  166  10:01  Hydralisk x2  
  166  10:05  Zerg Flyer Weapons Level 1  
  170  10:08  Baneling x5  
  170  10:09  Zerg Missile Weapons Level 3  
  170  10:10  Zergling x4  
  170  10:12  Baneling x2  
  172  10:17  Zergling x4, Hydralisk x2  
  172  10:18  Zergling x2  
  174  10:23  Hydralisk x4  
  174  10:27  Hydralisk  
  170  10:28  Zergling x6  
  170  10:29  Zergling x2  
  170  10:30  Zergling x2  
  170  10:34  Zergling x10  
  169  10:38  Zergling x10  
  165  10:42  Zergling x2  
  165  10:43  Zergling x10  
  170  10:50  Baneling x10  
  170  10:51  Hydralisk x2  
  170  10:52  Zergling x4  
  176  10:57  Baneling  
  176  10:58  Zergling x8, Baneling x6  
  176  11:03  Zergling x12  
  186  11:05  Zerg Melee Weapons Level 2  
  186  11:07  Zergling x4  
  187  11:15  Zergling x12  
  187  11:16  Zergling x6  
  197  11:18  Zergling x6  
  197  11:19  Extractor  
  197  11:21  Overlord  
  197  11:23  Extractor, Baneling x6  
  197  11:28  Overlord  
  197  11:32  Zergling x4  
  192  11:33  Zergling x14  
  199  11:46  Overlord  
  199  11:47  Baneling x7  
  192  11:55  Overlord  
  188  12:06  Corruptor x5  
  188  12:07  Corruptor x3  
  199  12:09  Zerg Flyer Weapons Level 2  
  199  12:16  Overlord  
  199  12:21  Hatchery  
  198  12:25  Overlord  
  194  12:30  Corruptor  
  194  12:31  Corruptor  
  194  12:36  Overlord  
  189  12:46  Brood Lord x5  
  191  12:52  Brood Lord x2  
  187  13:01  Overseer  
  187  13:04  Zergling x26  
  200  13:10  Brood Lord  
  193  13:14  Corruptor, Baneling x4  
  193  13:18  Zergling x10  
  198  13:22  Baneling x3  
  198  13:23  Zergling x2  
  198  13:24  Zergling x12  
  198  13:27  Baneling x9  
  186  13:35  Zergling x20  
  186  13:37  Brood Lord  
  195  13:43  Zergling x10  
  186  13:49  Brood Lord x2  
  186  13:51  Baneling x7  
  188  13:58  Hydralisk x4  
  186  14:03  Hydralisk x2  
Tags
 
Add a new tag
Caveats
  • Supply blocks, unpowered buildings, or Contaminate may cause inaccurate times.
  • Supply counts are checked every 10 seconds.